 Dungeon Crawl Stone Soup version 0.17-a0-1769-g54adf96 (webtiles) character file.

2830 TruthSerum the Basher (level 9, -2/151 HPs)
             Began as an Ogre Gladiator on Sept 8, 2015.
             Was a Follower of Qazlal.
             Slain by Malificent's ghost (13 damage)
             ... on level 8 of the Dungeon.
             The game lasted 00:28:10 (6708 turns).

TruthSerum the Basher (Ogre Gladiator)              Turns: 6708, Time: 00:28:10

Health: -2/151     AC:  7    Str: 27    XL:     9   Next: 73%
Magic:  11/11      EV: 11    Int:  7    God:    Qazlal [*.....]
Gold:   181        SH:  2    Dex: 13    Spells: 0 memorised, 8 levels left

rFire  + . .     SeeInvis .     z - +0 giant club
rCold  x . .     Clarity  .     b - +0 robe
rNeg   . . .     SustAt   .     (no shield)
rPois  .         Gourm    .     c - +0 hat
rElec  .         Spirit   .     l - +0 cloak
rCorr  .         Warding  .     (gloves unavailable)
rMut   .         Stasis   .     (boots unavailable)
MR     .....                    (no amulet)
Stlth  ..........               D - +3 ring of protection
                                B - ring of fire

@: mighty, berserking, lethally poisoned (-2 -> -17), very quick, not resistant
to hostile enchantments, extremely unstealthy
A: unfitting armour, tough skin 1
a: Renounce Religion


You were on level 8 of the Dungeon.
You worshipped Qazlal.
Qazlal was aware of your devotion.
You were not hungry.

You visited 2 branches of the dungeon, and saw 9 of its levels.
You also visited: Sewer.

You collected 496 gold pieces.
You spent 315 gold pieces at shops.

Inventory:

Hand weapons
 z - a +0 giant club (weapon)
Missiles
 d - 2 throwing nets (quivered)
 F - 8 tomahawks
Armour
 b - a +0 robe (worn)
 c - a +0 hat (worn)
 l - a +0 cloak (worn)
 H - a +0 cloak
Jewellery
 B - a ring of fire (left hand)
 D - a +3 ring of protection (right hand)
Magical devices
 s - a wand of cold (9)
 x - a wand of fire (0)
Scrolls
 a - a scroll of holy word {unknown}
 f - a scroll of enchant weapon {unknown}
 i - 3 scrolls of magic mapping {unknown}
 j - a scroll of immolation {unknown}
 n - 4 scrolls of blinking
 o - 2 scrolls of recharging {unknown}
 p - 4 scrolls of teleportation {unknown}
 q - 3 scrolls of fear {unknown}
 t - 2 scrolls of random uselessness {unknown}
 v - 2 scrolls of noise {unknown}
 y - 3 scrolls of remove curse {unknown}
 E - a scroll of fog {unknown}
Potions
 k - 2 potions of brilliance
 r - 2 potions of lignification
 u - 2 potions of magic
 w - a potion of might
Books
 C - a book of the Sky

   Spells                             Type                      Level
   a - Summon Lightning Spire         Summoning/Air                4
   b - Airstrike                      Air                          4
   c - Silence                        Hexes/Air                    5
   d - Deflect Missiles               Charms/Air                   6
   e - Conjure Ball Lightning         Conjuration/Air              6
   f - Tornado                        Air                          9
Comestibles
 e - 9 bread rations
 h - a slice of pizza
 m - 3 fruits
 A - 12 chunks of flesh
 I - 2 meat rations


   Skills:
 - Level 10.0 Fighting
 + Level 12.1 Maces & Flails
 - Level 2.1 Throwing
 - Level 2.2 Armour
 - Level 3.6 Dodging
 + Level 3.1 Invocations
 - Level 1.9 Evocations


You had 8 spell levels left.
You didn't know any spells.

Dungeon Overview and Level Annotations

Branches:
Dungeon (8/15)             Temple (1/1) D:6
   Lair: D:8-11

Altars:
Ashenzari
Cheibriados
Dithmenos
Elyvilon
Fedhas
Gozag
Kikubaaqudgha
Nemelex Xobeh
Okawaru
Qazlal
Ru
Sif Muna
Trog
Vehumet
Xom
Yredelemnul
Zin
The Shining One

Shops:
D:6 =   D:7 =   D:8 *

Annotations:
D:8 Malificent's ghost, experienced DsGl


Innate Abilities, Weirdness & Mutations

You are too large for most types of armour.
You have tough skin (AC +1).


Message History

Malificent's ghost is lightly damaged.
Malificent's ghost hits you but does no damage.
You are poisoned.
You bludgeon Malificent's ghost!!
Malificent's ghost is heavily damaged.
You feel sick. Malificent's ghost hits you!
* * * LOW HITPOINT WARNING * * *
You are lethally poisoned!
* * * LOW HITPOINT WARNING * * *
You feel very sick.
* * * LOW HITPOINT WARNING * * *
You feel sick.
* * * LOW HITPOINT WARNING * * *
You feel sick.
It was a potion of berserk rage.
A red film seems to cover your vision as you go berserk!
You feel yourself moving faster!
You feel mighty!
* * * LOW HITPOINT WARNING * * *
You feel sick. Malificent's ghost hits you!
You die...

..# #...#.#...# ..#
#...#+#...# ..#
...#.'...#
...#+#...# ##
#.........####
#..##+#...#+#...#
+.....'...+.+...#
##+##'#...#.#...+
#.....).@.#.#...#
+.......W.#.#...#
#.........'.+...+
#.........#+#...##
...####..(.>.....(#
.... +....∩......+
♣♣♣ #...........#
#..............
#.......##+#....


You could see Malificent's ghost.

Vanquished Creatures
  Pikel (D:5)
  The ghost of porpoise the Chiller, an average NaIE (D:4)
  A wyvern (D:8)
  2 hippogriffs
  Menkaure (D:4)
  Duvessa (D:7)
  A sky beast (D:5)
  A slave (D:5)
  A centaur (D:5)
  3 ogres
  4 giant frogs
  Dowan (D:7)
  2 scorpions
  2 orc priests
  A jelly (D:5)
  2 orc wizards (D:6)
  2 hounds
  Jessica (D:2)
  2 centaur skeletons
  A giant frog skeleton (D:5)
  An iguana (D:6)
  3 worker ants
  A hound zombie (D:7)
  3 gnolls (D:4)
  10 adders
  A worker ant zombie (D:7)
  2 shadow imps (D:7)
  2 oozes (D:7)
  2 adder skeletons
  2 worms (D:3)
  2 giant geckos
  26 orcs
  4 ball pythons
  11 giant cockroaches
  2 hobgoblins
  18 jackals
  11 kobolds
  4 quokkas
  6 bats
  10 giant newts
  8 goblins
  11 rats
  A plant (Sewer)
172 creatures vanquished.

Notes
Turn   | Place    | Note
--------------------------------------------------------------
     0 | D:1      | TruthSerum the Ogre Gladiator began the quest for the Orb.
     0 | D:1      | Reached XP level 1. HP: 22/22 MP: 1/1
   305 | D:1      | Reached XP level 2. HP: 28/31 MP: 2/2
   804 | D:2      | Reached XP level 3. HP: 15/39 MP: 3/3
  1073 | D:2      | Noticed Jessica
  1094 | D:2      | Killed Jessica
  1094 | D:2      | Reached skill level 5 in Maces & Flails
  1116 | D:2      | Reached XP level 4. HP: 24/49 MP: 4/4
  1845 | D:3      | Reached skill level 5 in Fighting
  2018 | D:3      | Reached XP level 5. HP: 27/57 MP: 5/5
  2122 | D:3      | Found a glowing drain.
  2142 | Sewer    | Entered a sewer
  2795 | D:3      | Reached skill level 6 in Maces & Flails
  3541 | D:4      | Noticed porpoise's ghost (average NaIE)
  3552 | D:4      | Killed porpoise's ghost
  3552 | D:4      | Reached skill level 7 in Fighting
  3552 | D:4      | Reached XP level 6. HP: 50/71 MP: 6/6
  3584 | D:4      | Reached XP level 7. HP: 30/78 MP: 7/7
  3829 | D:4      | Noticed an ogre
  3836 | D:4      | Killed an ogre
  4046 | D:4      | Reached skill level 8 in Maces & Flails
  4052 | D:4      | Noticed Menkaure
  4071 | D:4      | Killed Menkaure
  4151 | D:5      | Entered Level 5 of the Dungeon
  4569 | D:5      | Noticed Pikel
  4610 | D:5      | Reached skill level 9 in Maces & Flails
  4610 | D:5      | Reached XP level 8. HP: 39/89 MP: 8/8
  4844 | D:5      | Killed Pikel
  4844 | D:5      | Reached skill level 10 in Fighting
  4844 | D:5      | Reached skill level 10 in Maces & Flails
  5143 | D:6      | Found a sparkling altar of Nemelex Xobeh.
  5359 | D:6      | Found a staircase to the Ecumenical Temple.
  5366 | Temple   | Entered the Ecumenical Temple
  5422 | Temple   | Became a worshipper of Qazlal Stormbringer
  5506 | D:6      | Reached XP level 9. HP: 98/101 MP: 9/9
  5512 | D:6      | Reached skill level 11 in Maces & Flails
  5512 | D:6      | Reached skill level 1 in Armour
  5610 | D:6      | Reached skill level 1 in Evocations
  5685 | D:6      | Found Wumelul's Jewellery Boutique.
  5734 | D:6      | Bought a +3 ring of protection for 315 gold pieces
  6049 | D:7      | Found Zithraerem's Jewellery Shoppe.
  6096 | D:7      | Acquired Qazlal's first power
  6323 | D:7      | Noticed Duvessa
  6323 | D:7      | Noticed Dowan
  6336 | D:7      | Killed Dowan
  6338 | D:7      | Killed Duvessa
  6451 | D:7      | Found a sacrificial altar of Ru.
  6522 | D:8      | Reached skill level 1 in Invocations
  6594 | D:8      | Found Filak's Assorted Antiques.
  6619 | D:8      | Reached skill level 12 in Maces & Flails
  6686 | D:8      | Noticed Malificent's ghost (experienced DsGl)
  6698 | D:8      | HP: 2/101 [Malificent's ghost (13)]
  6708 | D:8      | Slain by Malificent's ghost

Vault maps used:
D:1:      lightli_arrival_flooded_house
D:2:      first_bread, hex_tiny, st_stairs_12, uniq_jessica
D:3:      portal_sewer_entry_f
D:4:      uniq_menkaure
D:5:      uniq_pikel
D:6:      temple_green, serial_shops, nicolae_shop_waterfront, nemelex_deck
D:7:      serial_shops, shop, nicolae_ru_path_of_blood, uniq_duvessa
D:8:      serial_shops, shop, hangedman_tree_tricks
Temple:   grunt_circular_temple_18
Sewer:    sewer_co_scattered_pipes

Action                   |  1- 3 |  4- 6 |  7- 9 || total
-------------------------+-------+-------+-------++-------
Melee: Flail             |    57 |   235 |    11 ||   303
       Giant club        |       |       |   212 ||   212
Throw: Throwing net      |       |       |     5 ||     5
Evoke: Wand              |       |     5 |       ||     5
  Use: Scroll            |       |     5 |     2 ||     7
       Potion            |       |       |    12 ||    12
 Stab: Sleeping          |       |     1 |       ||     1
       Held in net/web   |       |       |     3 ||     3
  Eat: Chunk             |     1 |     5 |    11 ||    17
       Fruit             |       |     3 |       ||     3
